 Dungeon Crawl Stone Soup version 0.22-a0-422-g9628fc8 (webtiles) character file.

87 Curus the Changer (level 4, -1/32 HPs)
             Began as a Merfolk Transmuter on May 22, 2018.
             Slain by a goblin
             ... wielding a +0 club
              (3 damage)
             ... on level 2 of the Dungeon.
             The game lasted 00:05:13 (1036 turns).

Curus the Changer (Merfolk Transmuter)              Turns: 1036, Time: 00:05:13

Health: -1/32      AC:  2    Str: 10    XL:     4   Next: 51%
Magic:  3/7        EV: 21    Int: 13    God:
Gold:   89         SH:  0    Dex: 19    Spells: 3/7 levels left

rFire    . . .     SeeInvis .     - Unarmed
rCold    . . .     Gourm    .   (shield currently unavailable)
rNeg     . . .     Faith    .   (armour currently unavailable)
rPois    x         Spirit   .   (helmet currently unavailable)
rElec    .         Reflect  .   (cloak currently unavailable)
rCorr    .         Harm     .   (gloves currently unavailable)
MR       .....                  (boots currently unavailable)
Stlth    ++........             (no amulet)
HPRegen  0.10/turn              (no ring)
MPRegen  0.10/turn              (no ring)

@: spider-form
A: tiny, (change form in water), (swift swim), (stealthy swim)
a: End Transformation


You were on level 2 of the Dungeon.
You were not hungry.
You were a venomous arachnid creature.
You visited 1 branch of the dungeon, and saw 2 of its levels.

You collected 89 gold pieces.

Inventory:

Missiles
 a - 12 arrows
Armour
 b - a +0 robe (melded)
 e - a +2 robe of resistance
Scrolls
 f - a scroll of remove curse
Potions
 c - a potion of flight
Comestibles
 d - 6 rations
 g - 2 chunks of flesh


   Skills:
 - Level 1.1 Fighting
 - Level 2.6 Dodging
 - Level 3.2 Unarmed Combat
 - Level 2.0 Spellcasting
 - Level 4.5 Transmutations
 + Level 3.1 Poison Magic


You had 3 spell levels left.
You knew the following spells:

 Your Spells              Type           Power        Failure   Level  Hunger
a - Beastly Appendage     Tmut           ##....       12%         1    ##.....
b - Spider Form           Tmut/Pois      ##........   34%         3    ####...

Your spell library contained the following spells:

 Spells                   Type           Power        Failure   Level  Hunger
 Blade Hands              Tmut           ##........   87%         5    ######.
 Ice Form                 Ice/Tmut       #.......     86%         4    #####..
 Sticks to Snakes         Tmut           ##......     17%         2    ###....


Dungeon Overview and Level Annotations

Branches:
Dungeon (2/15)

Altars:


Message History

* * * LOW HITPOINT WARNING * * *
Casting: Beastly Appendage (safe; 3% risk of failure)
Confirm with . or Enter, or press ? or * to list all spells.
Your horns disappear.
You turn into a venomous arachnid creature.
Your +0 robe melds into your body.
The bat completely misses you.
The leopard gecko completely misses you.
The goblin closely misses you.
You bite the bat!
You kill the bat!
The leopard gecko misses you. The leopard gecko bites you.
* * * LOW HITPOINT WARNING * * *
You hit the goblin but do no damage.
The goblin is poisoned.
The goblin hits you with a club.
* * * LOW HITPOINT WARNING * * *
The leopard gecko bites you but does no damage.
You hit the goblin.
The goblin looks as sick as possible!
The goblin is heavily wounded.
The goblin hits you with a club.
You die...

### #.........
#########.#####
##.....###.# ##. ###
##.....>.##.# ...$ ..#
#.........#.###...# ..#
#.........#.#......
..####.........#........
....†...........gl......
...............†s#.#...
...[###.................
..#..............#.#....
..###...........##.!. ..
### #...........# ...
#..........## #....
......... .... .....#
...


You could see a leopard gecko and a goblin.

Vanquished Creatures
  Jessica (D:2)
  Terence (D:2)
  A dart slug (D:1)
  A leopard gecko (D:2)
  A ball python (D:1)
  A giant cockroach (D:1)
  2 goblins (D:1)
  3 hobgoblins (D:1)
  6 jackals
  5 kobolds (D:1)
  3 bats
  3 frilled lizards (D:1)
  4 rats
32 creatures vanquished.

Notes
Turn   | Place    | Note
-------+----------+-------------------------------------------
     0 | D:1      | Curus the Merfolk Transmuter began the quest for the Orb.
     0 | D:1      | Reached XP level 1. HP: 15/15 MP: 3/3
    43 | D:1      | Reached skill level 3 in Transmutations
   417 | D:1      | Reached XP level 2. HP: 21/21 MP: 5/5
   480 | D:1      | Reached skill level 4 in Transmutations
   718 | D:1      | Reached XP level 3. HP: 23/26 MP: 4/6
   726 | D:1      | Learned a level 3 spell: Spider Form
   949 | D:2      | Noticed Terence
   962 | D:2      | Killed Terence
   964 | D:2      | Reached XP level 4. HP: 29/32 MP: 3/7
   991 | D:2      | Noticed Jessica
  1002 | D:2      | Killed Jessica
  1036 | D:2      | Slain by a goblin

Vault maps used:
D:1:      dpeg_arrival_rooms_with_view
D:2:      corexii_shack, minmay_shallow_snake_nest, uniq_terence, uniq_robin,
          uniq_jessica

Skill      XL: |  1  2  3  4 |
---------------+-------------+-----
Transmutations | 3 4 |  4.5
Poison Magic   | 2 3 |  3.1
Fighting       | |  1.1
Dodging        | |  2.6
Unarmed Combat | |  3.2
Spellcasting   | |  2.0

Action                   |  1- 3 |  4- 6 || total
-------------------------+-------+-------++-------
Melee: Unarmed           |    97 |    25 ||   122
       Headbutt          |     5 |       ||     5
       Punch             |     1 |     1 ||     2
 Cast: Beastly Appendage |     8 |     1 ||     9
       Spider Form       |     1 |     2 ||     3
  Use: Scroll            |     5 |       ||     5
       Potion            |     1 |       ||     1
 Stab: Sleeping          |     1 |       ||     1
  Eat: Chunk             |       |     1 ||     1
Armor: Robe              |    13 |     4 ||    17
       Skin              |       |     1 ||     1
Dodge: Dodged            |    57 |    34 ||    91

Table legend:
 A = Spawn XP
 B = Non-spawn XP
 C = Spawn XP percentage of total XP
 D = Spawn monster count
 E = Non-spawn monster count
 F = Spawn count percentage of total count
 G = Total turns spent on level
                    A         B        C        D         E        F      G
               +---------+---------+-------+---------+---------+-------+---------
         Total |       0 |     125 |   0.0 |       0 |      32 |   0.0 |  1036
               +---------+---------+-------+---------+---------+-------+---------
           D:1 |       0 |      38 |   0.0 |       0 |      23 |   0.0 |   944
           D:2 |       0 |      87 |   0.0 |       0 |       9 |   0.0 |    92
               +---------+---------+-------+---------+---------+-------+---------
